Senators vs Sound Tigers

Created - Wednesday, January 8, 2025 at 00:15

Goals
1 2 3 T
Senators 0 1 2 3
Sound Tigers 2 1 2 5
Shots
1 2 3 T
Senators 3 19 13 35
Sound Tigers 14 6 12 32

1st period

1. Sound Tigers , Helge Grans 8 (Tim Gettinger 15, Logan Morrison 22) at 6:05 (PP)
2. Sound Tigers , Liam O'Brien 14 (Philippe Maillet 20, Austin Czarnik 20) at 15:19

Penalties :
Dakota Mermis (BEL) for Tripping (Minor) at 4:08, Devante Stephens (BRI) for Cross-checking (Minor) at 11:28, Givani Smith (BEL) for Tripping (Minor) at 15:21, Mathieu Olivier (BEL) for Holding (Minor) at 16:14

2nd period

3. Senators , Greg McKegg 7 (Seth Griffith 29, Roland McKeown 5) at 4:50 (PP)
4. Sound Tigers , Devante Stephens 5 (Tim Gettinger 16, Callahan Burke 22) at 18:40 (PP)

Penalties :
Jimmy Schuldt (BRI) for Hooking (Minor) at 0:17, Austin Czarnik (BRI) for Interference (Minor) at 1:23, Noel Hoefenmayer (BRI) for Interference (Minor) at 3:29, William Villeneuve (BEL) for Holding (Minor) at 5:08, Liam O'Brien (BRI) for Hooking (Minor) at 13:09, Greg McKegg (BEL) for Holding (Minor) at 13:34, Mathieu Olivier (BEL) for Slashing (Minor) at 16:49

3rd period

5. Sound Tigers , Logan Morrison 11 (Devante Stephens 7, Callahan Burke 23) at 1:03 (PP)
6. Senators , Cal O'Reilly 6 (Riley Stillman 9, William Villeneuve 11) at 9:34
7. Sound Tigers , Tim Gettinger 12 (Jimmy Schuldt 10, Mason Shaw 25) at 12:10
8. Senators , Greg McKegg 8 (Seth Griffith 30, Lassi Thomson 3) at 17:04 (PP)

Penalties :
Logan Day (BEL) for High sticking (Minor) at 0:32, Nate Clurman (BRI) for Interference (Minor) at 4:57, Cal O'Reilly (BEL) for Slashing (Minor) at 12:49, Dominic Franco (BRI) for Slashing (Minor) at 15:33, Dominic Franco (BRI) for Holding Stick (Minor) at 17:07

Goalie Stats

Alexei Kolosov (BEL), 27 saves from 32 shots - (0.844), L, 20-9-1, 60:00 minutes
Kevin Mandolese (BRI), 32 saves from 35 shots - (0.914), W, 9-9-1, 60:00 minutes

Players Stats for Senators

Player Name              G  A  P  +/- PIM S  H  SB GA TA FO     MP     PP MP  PK MP  
------------------------------------------------------------------------------------
Cal O'Reilly             1  0  1   1  2   3  0  0  0  0  7/16   13:26   0:00   2:46 
Cameron Hebig            0  0  0  -2  0   0  0  0  0  0  0/0    17:43   5:43   0:28 
Dakota Mermis            0  0  0   0  2   6  0  4  0  0  0/0    22:49   6:02   4:18 
Gerry Mayhew             0  0  0   0  0   2  0  0  0  0  0/1     6:43   0:00   0:00 
Givani Smith             0  0  0   1  2   3  6  0  0  0  0/1    10:40   0:00   0:00 
Graeme Clarke            0  0  0  -2  0   1  0  0  0  0  13/19  21:24   5:43   3:29 
Greg McKegg              2  0  2   0  2   6  1  1  0  0  1/3    13:58   6:35   1:46 
Josh Melnick             0  0  0   0  0   0  0  0  0  0  0/0     1:21   1:21   0:00 
Lassi Thomson            0  1  1   0  0   1  4  1  0  0  0/0    24:37   6:24   5:43 
Logan Day                0  0  0  -1  2   3  1  2  0  0  0/0    22:01   5:50   5:04 
Mathieu Olivier          0  0  0  -2  4   4  4  0  0  0  2/6    20:21   5:43   2:27 
Milan Lucic              0  0  0   0  0   1  2  0  0  0  7/12   23:13   5:15   4:44 
Peter Abbandonato        0  0  0   0  0   2  0  0  0  0  5/15    6:43   0:00   0:00 
Riley Stillman           0  1  1   0  0   0  2  1  0  0  0/0    14:19   0:05   1:45 
Roland McKeown           0  1  1  -1  0   2  2  1  0  0  0/0    22:21   5:50   5:23 
Seth Griffith            0  2  2   0  0   1  0  0  0  0  10/20  19:28   6:36   6:21 
Tyler Spezia             0  0  0   1  0   0  0  0  0  0  0/0    10:41   0:00   0:00 
William Villeneuve       0  1  1   0  2   0  1  0  0  0  0/0    13:50   0:27   0:55 

Players Stats for Sound Tigers

Player Name              G  A  P  +/- PIM S  H  SB GA TA FO     MP     PP MP  PK MP  
------------------------------------------------------------------------------------
Austin Czarnik           0  1  1   0  2   3  1  0  0  0  2/5    15:04   5:01   2:56 
Callahan Burke           0  2  2   0  0   1  0  0  0  0  0/1     6:33   6:33   0:00 
Devante Stephens         1  1  2   1  2   2  2  0  0  0  0/0    22:20   6:00   5:30 
Dominic Franco           0  0  0   0  4   5  3  0  0  0  0/0    11:59   0:00   0:00 
Helge Grans              1  0  1   1  0   1  1  2  0  0  0/0    22:25   6:00   5:34 
Jimmy Schuldt            0  1  1   1  2   1  4  1  0  0  0/0    24:18   5:34   5:35 
Kyle Betts               0  0  0   0  0   1  0  0  0  0  9/18   12:31   0:25   0:05 
Liam O'Brien             1  0  1   0  2   1  4  0  0  0  0/0    13:19   0:00   0:14 
Logan Morrison           1  1  2   1  0   7  1  1  0  0  16/22  20:00   6:08   3:38 
Mason Shaw               0  1  1   1  0   0  0  0  0  0  0/1    14:27   5:01   0:00 
Nate Clurman             0  0  0  -1  2   2  2  1  0  0  0/0    13:49   0:00   1:44 
Noel Hoefenmayer         0  0  0  -1  2   1  0  1  0  0  0/0    13:25   0:33   0:47 
Philippe Maillet         0  1  1   0  0   3  0  1  0  0  12/20  19:25   5:01   7:17 
Ryan Francis             0  0  0   0  0   1  0  0  0  0  0/0     6:45   0:00   0:00 
Tim Gettinger            1  2  3   1  0   1  1  0  0  0  0/1    16:28   6:33   0:29 
Timur Ibragimov          0  0  0   0  0   1  0  0  0  0  1/3    14:18   0:00   2:17 
Tobias Bjornfot          0  0  0   1  0   0  4  1  0  0  0/0    23:39   5:01   5:28 
Ty Glover                0  0  0   0  0   1  0  1  0  0  8/22   14:21   0:00   6:48 

3 Stars

1 - Tim Gettinger (BRI)
2 - Logan Morrison (BRI)
3 - Devante Stephens (BRI)

Power Play

Senators - 2 on 8 Attempt(s) - 25.00%
Sound Tigers - 3 on 8 Attempt(s) - 37.50%

Penalty Kill

Senators - 5 on 8 Attempt(s) - 62.50% - Score 0 goal in Penalty Kill
Sound Tigers - 6 on 8 Attempt(s) - 75.00% - Score 0 goal in Penalty Kill

Team Stat

Senators - Hits : 23 - Faceoff Wins : 45 - Blocked Shots : 10 - Penalty Minutes : 16
Sound Tigers - Hits : 23 - Faceoff Wins : 48 - Blocked Shots : 9 - Penalty Minutes : 16

Official

Referees : Steve Kozari and Wes Mccauley
Linesman : Scott Cherrey and Julien Fournier

Game Notes

No Game Note

Finance

Level 1 -- Attendance: 2000 (100.00%) -- Ticket Income $70,000
Level 2 -- Attendance: 1000 (100.00%) -- Ticket Income $15,000
Total Attendance: 3000 (100.00%)
Total Ticket Income: $85,000
Other Income: $41,650
Total Income: $126,650

Senators

5 vs 5 Forward 
   Center                   Left Wing                Right Wing               Time % Phy DF OF 
 1 Seth Griffith            Greg McKegg              Milan Lucic              25     1   2  2  
 2 Graeme Clarke            Cameron Hebig            Mathieu Olivier          25     1   2  2  
 3 Cal O'Reilly             Tyler Spezia             Givani Smith             25     1   2  2  
 4 Peter Abbandonato        Milan Lucic              Gerry Mayhew             25     1   2  2  

5 vs 5 Defense 
   Defense                  Defense                                           Time % Phy DF OF 
 1 Dakota Mermis            Lassi Thomson                                     25     1   2  2  
 2 Logan Day                Roland McKeown                                    25     1   2  2  
 3 William Villeneuve       Riley Stillman                                    25     1   2  2  
 4 Dakota Mermis            Lassi Thomson                                     25     1   2  2  

PowerPlay Forward 
   Center                   Left Wing                Right Wing               Time % Phy DF OF 
 1 Seth Griffith            Greg McKegg              Milan Lucic              60     1   2  2  
 2 Graeme Clarke            Cameron Hebig            Mathieu Olivier          40     1   2  2  

PowerPlay Defense
   Defense                  Defense                                           Time % Phy DF OF 
 1 Dakota Mermis            Lassi Thomson                                     60     1   2  2  
 2 Logan Day                Roland McKeown                                    40     1   2  2  

Penalty Kill 4 Players Forward 
   Center                   Wing                     Time % Phy DF OF 
 1 Milan Lucic              Seth Griffith            60     1   2  2  
 2 Mathieu Olivier          Graeme Clarke            40     1   2  2  

Penalty Kill 4 Players Defense
   Defense                  Defense                  Time % Phy DF OF 
 1 Dakota Mermis            Lassi Thomson            60     1   2  2  
 2 Logan Day                Roland McKeown           40     1   2  2  

Penalty Kill - 3 Players Forward 
   Forward                                           Time % Phy DF OF 
 1 Milan Lucic                                       60     1   2  2  
 2 Seth Griffith                                     40     1   2  2  

Penalty Kill - 3 Players Defense
   Defense                  Defense                  Time % Phy DF OF 
 1 Dakota Mermis            Lassi Thomson            60     1   2  2  
 2 Logan Day                Roland McKeown           40     1   2  2  

4 vs 4 Forward 
   Center                   Wing                     Time % Phy DF OF 
 1 Milan Lucic              Seth Griffith            60     1   2  2  
 2 Mathieu Olivier          Graeme Clarke            40     1   2  2  

4 vs 4 Defense
   Defense                  Defense                  Time % Phy DF OF 
 1 Dakota Mermis            Lassi Thomson            60     1   2  2  
 2 Logan Day                Roland McKeown           40     1   2  2  

Last Minutes Offensive
   Center                   Left Wing                Right Wing               Defense                  Defense                  
   Seth Griffith            Greg McKegg              Milan Lucic              Dakota Mermis            Lassi Thomson            

Last Minutes Defensive
   Center                   Left Wing                Right Wing               Defense                  Defense                  
   Seth Griffith            Greg McKegg              Milan Lucic              Dakota Mermis            Lassi Thomson            

Goaltenders
Starting : Alexei Kolosov           
Backup : Pavel Cajan              

Extra Forwards
Normal : Josh Melnick, Givani Smith, Cal O'Reilly - PP : Josh Melnick, Givani Smith - PK : Cal O'Reilly
Extra Defensemen
Normal : William Villeneuve, Riley Stillman, Logan Day - PP : William Villeneuve - PK : Riley Stillman, Logan Day
Penalty Shots
Milan Lucic, Seth Griffith, Mathieu Olivier, Graeme Clarke, Givani Smith
Custom OT Lines Forwards
Milan Lucic, Seth Griffith, Mathieu Olivier, Graeme Clarke, Givani Smith, Cal O'Reilly, Peter Abbandonato, Greg McKegg, Cameron Hebig, Gerry Mayhew
Custom OT Lines Defensemen
Dakota Mermis, Lassi Thomson, Logan Day, Roland McKeown, William Villeneuve

Scratches
Paul LaDue (Healthy), Jon Merrill (Suspend), Mike Benning (Healthy), Tye Felhaber (Healthy), Blake Hillman (Healthy)
Alex Whelan (Healthy), Zach Jordan (Healthy), Travis Barron (Healthy), Mark Pysyk (Healthy), Nikolas Brouillard (Healthy)

Sound Tigers

5 vs 5 Forward 
   Center                   Left Wing                Right Wing               Time % Phy DF OF 
 1 Philippe Maillet         Liam O'Brien             Austin Czarnik           25     1   2  2  
 2 Logan Morrison           Mason Shaw               Tim Gettinger            25     1   2  2  
 3 Kyle Betts               Timur Ibragimov          Dominic Franco           25     1   2  2  
 4 Ty Glover                Liam O'Brien             Ryan Francis             25     1   2  2  

5 vs 5 Defense 
   Defense                  Defense                                           Time % Phy DF OF 
 1 Jimmy Schuldt            Tobias Bjornfot                                   40     1   2  2  
 2 Helge Grans              Devante Stephens                                  35     1   2  2  
 3 Noel Hoefenmayer         Nate Clurman                                      25     1   2  2  
 4 Jimmy Schuldt            Tobias Bjornfot                                   0      1   2  2  

PowerPlay Forward 
   Center                   Left Wing                Right Wing               Time % Phy DF OF 
 1 Philippe Maillet         Mason Shaw               Austin Czarnik           60     0   0  5  
 2 Logan Morrison           Tim Gettinger            Callahan Burke           40     0   0  5  

PowerPlay Defense
   Defense                  Defense                                           Time % Phy DF OF 
 1 Jimmy Schuldt            Tobias Bjornfot                                   60     0   0  5  
 2 Helge Grans              Devante Stephens                                  40     0   0  5  

Penalty Kill 4 Players Forward 
   Center                   Wing                     Time % Phy DF OF 
 1 Ty Glover                Philippe Maillet         60     0   5  0  
 2 Austin Czarnik           Logan Morrison           40     0   5  0  

Penalty Kill 4 Players Defense
   Defense                  Defense                  Time % Phy DF OF 
 1 Jimmy Schuldt            Tobias Bjornfot          60     0   5  0  
 2 Helge Grans              Devante Stephens         40     0   5  0  

Penalty Kill - 3 Players Forward 
   Forward                                           Time % Phy DF OF 
 1 Ty Glover                                         60     0   5  0  
 2 Philippe Maillet                                  40     0   5  0  

Penalty Kill - 3 Players Defense
   Defense                  Defense                  Time % Phy DF OF 
 1 Jimmy Schuldt            Tobias Bjornfot          60     0   5  0  
 2 Helge Grans              Devante Stephens         40     0   5  0  

4 vs 4 Forward 
   Center                   Wing                     Time % Phy DF OF 
 1 Austin Czarnik           Philippe Maillet         60     1   2  2  
 2 Ty Glover                Logan Morrison           40     1   2  2  

4 vs 4 Defense
   Defense                  Defense                  Time % Phy DF OF 
 1 Jimmy Schuldt            Tobias Bjornfot          60     1   2  2  
 2 Helge Grans              Devante Stephens         40     1   2  2  

Last Minutes Offensive
   Center                   Left Wing                Right Wing               Defense                  Defense                  
   Philippe Maillet         Timur Ibragimov          Austin Czarnik           Jimmy Schuldt            Tobias Bjornfot          

Last Minutes Defensive
   Center                   Left Wing                Right Wing               Defense                  Defense                  
   Philippe Maillet         Mason Shaw               Austin Czarnik           Jimmy Schuldt            Tobias Bjornfot          

Goaltenders
Starting : Kevin Mandolese          
Backup : Erik Portillo            

Extra Forwards
Normal : Ty Glover, Callahan Burke, Timur Ibragimov - PP : Ty Glover, Callahan Burke - PK : Timur Ibragimov
Extra Defensemen
Normal : Noel Hoefenmayer, Nate Clurman, Helge Grans - PP : Noel Hoefenmayer - PK : Nate Clurman, Helge Grans
Penalty Shots
Callahan Burke, Dominic Franco, Kyle Betts, Logan Morrison, Philippe Maillet
Custom OT Lines Forwards
Callahan Burke, Philippe Maillet, Austin Czarnik, Logan Morrison, Mason Shaw, Tim Gettinger, Ty Glover, Timur Ibragimov, Dominic Franco, Kyle Betts
Custom OT Lines Defensemen
Jimmy Schuldt, Tobias Bjornfot, Helge Grans, Devante Stephens, Noel Hoefenmayer

Scratches
Matteo Pietroniro (Healthy), Dmitri Zlodeyev (Healthy), Adam Karashik (Healthy), Riley McKay (Healthy), Keaton Thompson (Healthy)
Matt Stienburg (Healthy), William Lagesson (Healthy)

% Time on Ice - Senators

Lines # - Real PCT - Wanted PCT - Time Play
Normal Forward
1 - 16% - 25% - 5:37
2 - 33% - 25% - 11:32
3 - 31% - 25% - 10:41
4 - 19% - 25% - 6:43
Normal Defense
1 - 17% - 25% - 5:53
2 - 30% - 25% - 10:28
3 - 36% - 25% - 12:29
4 - 17% - 25% - 5:43
PP Forward
1 - 54% - 60% - 6:36
2 - 46% - 40% - 5:43
PP Defense
1 - 53% - 60% - 6:29
2 - 47% - 40% - 5:50
PK Forward
1 - 67% - 60% - 6:59
2 - 33% - 40% - 3:29
PK Defense
1 - 57% - 60% - 5:58
2 - 43% - 40% - 4:30
PK3 Forward
1 - 100% - 60% - 1:06
2 - 0% - 40% - 0:00
PK3 Defense
1 - 20% - 60% - 0:13
2 - 80% - 40% - 0:53
44 Forward
1 - 57% - 60% - 0:54
2 - 43% - 40% - 0:40
44 Defense
1 - 57% - 60% - 0:54
2 - 43% - 40% - 0:40
Last Minute Offensive  - 0:00
Last Minute Defensive  - 0:00
Total
Forward - 60:00
Defense - 60:00

% Time on Ice - Sound Tigers

Lines # - Real PCT - Wanted PCT - Time Play
Normal Forward
1 - 18% - 25% - 6:21
2 - 27% - 25% - 9:26
3 - 35% - 25% - 12:01
4 - 20% - 25% - 6:45
Normal Defense
1 - 36% - 40% - 12:24
2 - 29% - 35% - 10:03
3 - 35% - 25% - 12:06
4 - 0% - 0% - 0:00
PP Forward
1 - 43% - 60% - 5:01
2 - 57% - 40% - 6:33
PP Defense
1 - 47% - 60% - 5:26
2 - 53% - 40% - 6:08
PK Forward
1 - 70% - 60% - 8:00
2 - 30% - 40% - 3:26
PK Defense
1 - 57% - 60% - 6:33
2 - 43% - 40% - 4:53
PK3 Forward
1 - 100% - 60% - 0:53
2 - 0% - 40% - 0:00
PK3 Defense
1 - 25% - 60% - 0:13
2 - 75% - 40% - 0:40
44 Forward
1 - 49% - 60% - 0:46
2 - 51% - 40% - 0:48
44 Defense
1 - 49% - 60% - 0:46
2 - 51% - 40% - 0:48
Last Minute Offensive  - 0:00
Last Minute Defensive  - 0:00
Total
Forward - 60:00
Defense - 60:00

Play-by-Play

1st period


0:01 of 1st period - Philippe Maillet wins face-off versus Seth Griffith in neutral zone.
0:06 of 1st period - Greg McKegg is hit by Liam O'Brien.
0:14 of 1st period - Greg McKegg is hit by Liam O'Brien and loses puck.
0:57 of 1st period - Icing by Roland McKeown.
0:58 of 1st period - Graeme Clarke wins face-off versus Kyle Betts in Senators zone.
2:07 of 1st period - Logan Morrison is hit by Riley Stillman and loses puck.
2:46 of 1st period - Icing by Tobias Bjornfot.
2:47 of 1st period - Ty Glover wins face-off versus Peter Abbandonato in Sound Tigers zone.
3:07 of 1st period - Milan Lucic is hit by Jimmy Schuldt and loses puck.
3:10 of 1st period - Shot by Milan Lucic.
3:10 of 1st period - Stopped by Kevin Mandolese without a rebound.
3:11 of 1st period - Seth Griffith wins face-off versus Kyle Betts in Sound Tigers zone.
4:08 of 1st period - Minor Penalty to Dakota Mermis for Tripping.
4:09 of 1st period - Philippe Maillet wins face-off versus Mathieu Olivier in Senators zone.
4:12 of 1st period - Shot by Philippe Maillet.
4:12 of 1st period - Shot Misses the Net.
4:14 of 1st period - Shot by Mason Shaw.
4:14 of 1st period - Shot Blocked by Logan Day.
4:16 of 1st period - Shot by Austin Czarnik.
4:16 of 1st period - Stopped by Alexei Kolosov without a rebound.
4:17 of 1st period - Mathieu Olivier wins face-off versus Logan Morrison in Senators zone.
4:36 of 1st period - Shot by Logan Morrison.
4:36 of 1st period - Shot Blocked by Roland McKeown.
5:20 of 1st period - Shot by Philippe Maillet.
5:20 of 1st period - Shot Misses the Net.
5:36 of 1st period - Shot by Callahan Burke.
5:36 of 1st period - Stopped by Alexei Kolosov with a rebound.
5:38 of 1st period - Shot by Logan Morrison.
5:38 of 1st period - Stopped by Alexei Kolosov without a rebound.
5:39 of 1st period - Logan Morrison wins face-off versus Mathieu Olivier in Senators zone.
6:03 of 1st period - Shot by Tim Gettinger.
6:03 of 1st period - Shot Blocked by Lassi Thomson.
6:05 of 1st period - Shot by Helge Grans.
6:05 of 1st period - Goal by Helge Grans - Senators : 0 - Sound Tigers : 1.
6:06 of 1st period - Cal O'Reilly wins face-off versus Ty Glover in neutral zone.
6:34 of 1st period - Noel Hoefenmayer is hit by Givani Smith and loses puck.
6:56 of 1st period - Icing by Ty Glover.
6:57 of 1st period - Graeme Clarke wins face-off versus Ty Glover in Sound Tigers zone.
7:15 of 1st period - Mathieu Olivier is hit by Tobias Bjornfot and loses puck.
7:33 of 1st period - Shot by Kyle Betts.
7:33 of 1st period - Stopped by Alexei Kolosov without a rebound.
7:34 of 1st period - Logan Morrison wins face-off versus Peter Abbandonato in Senators zone.
7:55 of 1st period - Shot by Devante Stephens.
7:55 of 1st period - Shot Misses the Net.
8:21 of 1st period - Shot by Timur Ibragimov.
8:21 of 1st period - Deflect By Dominic Franco.
8:21 of 1st period - Stopped by Alexei Kolosov without a rebound.
8:22 of 1st period - Cal O'Reilly wins face-off versus Kyle Betts in Senators zone.
8:22 of 1st period - Givani Smith is hit by Dominic Franco and loses puck.
8:32 of 1st period - Cal O'Reilly is hit by Tobias Bjornfot and loses puck.
8:43 of 1st period - Shot by Kyle Betts.
8:43 of 1st period - Deflect By Timur Ibragimov.
8:43 of 1st period - Stopped by Alexei Kolosov with a rebound.
8:56 of 1st period - Tyler Spezia is hit by Tobias Bjornfot and loses puck.
9:23 of 1st period - Icing by Nate Clurman.
9:24 of 1st period - Philippe Maillet wins face-off versus Seth Griffith in Sound Tigers zone.
9:28 of 1st period - Austin Czarnik is hit by Greg McKegg and loses puck.
9:47 of 1st period - Shot by Milan Lucic.
9:47 of 1st period - Shot Blocked by Noel Hoefenmayer.
10:19 of 1st period - Shot by Cameron Hebig.
10:19 of 1st period - Shot Misses the Net.
10:21 of 1st period - Shot by Cameron Hebig.
10:21 of 1st period - Shot Misses the Net.
10:26 of 1st period - Graeme Clarke is hit by Devante Stephens and loses puck.
11:22 of 1st period - Shot by Givani Smith.
11:22 of 1st period - Shot Misses the Net.
11:27 of 1st period - Givani Smith is hit by Devante Stephens and loses puck.
11:28 of 1st period - Minor Penalty to Devante Stephens for Cross-checking.
11:29 of 1st period - Seth Griffith wins face-off versus Ty Glover in Sound Tigers zone.
12:50 of 1st period - Off-side.
12:51 of 1st period - Seth Griffith wins face-off versus Timur Ibragimov in neutral zone.
13:00 of 1st period - Shot by Dakota Mermis.
13:00 of 1st period - Stopped by Kevin Mandolese with a rebound.
13:49 of 1st period - Shot by Ryan Francis.
13:49 of 1st period - Stopped by Alexei Kolosov without a rebound.
13:50 of 1st period - Kyle Betts wins face-off versus Peter Abbandonato in Senators zone.
13:56 of 1st period - Shot by Noel Hoefenmayer.
13:56 of 1st period - Stopped by Alexei Kolosov with a rebound.
14:03 of 1st period - Icing by Roland McKeown.
14:04 of 1st period - Logan Morrison wins face-off versus Peter Abbandonato in Senators zone.
14:09 of 1st period - Shot by Mason Shaw.
14:09 of 1st period - Shot Misses the Net.
14:29 of 1st period - Shot by Roland McKeown.
14:29 of 1st period - Stopped by Kevin Mandolese with a rebound.
14:51 of 1st period - Shot by Nate Clurman.
14:51 of 1st period - Stopped by Alexei Kolosov without a rebound.
14:52 of 1st period - Graeme Clarke wins face-off versus Philippe Maillet in Senators zone.
15:19 of 1st period - Shot by Liam O'Brien.
15:19 of 1st period - Goal by Liam O'Brien - Senators : 0 - Sound Tigers : 2.
15:20 of 1st period - Kyle Betts wins face-off versus Cal O'Reilly in neutral zone.
15:20 of 1st period - Kyle Betts is hit by Givani Smith.
15:21 of 1st period - Minor Penalty to Givani Smith for Tripping.
15:22 of 1st period - Logan Morrison wins face-off versus Milan Lucic in Senators zone.
15:32 of 1st period - Icing by Tobias Bjornfot.
15:33 of 1st period - Logan Morrison wins face-off versus Seth Griffith in Sound Tigers zone.
15:55 of 1st period - Shot by Tobias Bjornfot.
15:55 of 1st period - Shot Blocked by Dakota Mermis.
15:57 of 1st period - Shot by Logan Morrison.
15:57 of 1st period - Shot Misses the Net.
15:59 of 1st period - Shot by Tim Gettinger.
15:59 of 1st period - Shot Misses the Net.
16:01 of 1st period - Shot by Tobias Bjornfot.
16:01 of 1st period - Shot Misses the Net.
16:14 of 1st period - Minor Penalty to Mathieu Olivier for Holding.
16:15 of 1st period - Cal O'Reilly wins face-off versus Philippe Maillet in Senators zone.
16:15 of 1st period - Roland McKeown is hit by Austin Czarnik and loses puck.
16:41 of 1st period - Austin Czarnik is hit by Roland McKeown and loses puck.
17:03 of 1st period - Shot by Logan Morrison.
17:03 of 1st period - Stopped by Alexei Kolosov with a rebound.
17:05 of 1st period - Shot by Callahan Burke.
17:05 of 1st period - Shot Misses the Net.
17:07 of 1st period - Shot by Logan Morrison.
17:07 of 1st period - Stopped by Alexei Kolosov without a rebound.
17:08 of 1st period - Logan Morrison wins face-off versus Milan Lucic in Senators zone.
17:11 of 1st period - Shot by Callahan Burke.
17:11 of 1st period - Shot Blocked by Dakota Mermis.
18:26 of 1st period - Cameron Hebig is hit by Nate Clurman.
19:02 of 1st period - Shot by Dominic Franco.
19:02 of 1st period - Stopped by Alexei Kolosov with a rebound.
19:14 of 1st period - Shot by Dominic Franco.
19:14 of 1st period - Shot Misses the Net.
19:49 of 1st period - Off-side.
19:50 of 1st period - Philippe Maillet wins face-off versus Peter Abbandonato in neutral zone.
19:52 of 1st period - Off-side.
19:53 of 1st period - Philippe Maillet wins face-off versus Peter Abbandonato in neutral zone.
Goals for this period are 0 for Senators vs 2 for Sound Tigers.
Shots for this period are 3 for Senators vs 14 for Sound Tigers.

2nd period


0:01 of 2nd period - Peter Abbandonato wins face-off versus Philippe Maillet in neutral zone.
0:17 of 2nd period - Minor Penalty to Jimmy Schuldt for Hooking.
0:18 of 2nd period - Graeme Clarke wins face-off versus Ty Glover in Sound Tigers zone.
0:26 of 2nd period - Graeme Clarke is hit by Helge Grans and loses puck.
0:34 of 2nd period - Off-side.
0:35 of 2nd period - Ty Glover wins face-off versus Seth Griffith in neutral zone.
1:23 of 2nd period - Minor Penalty to Austin Czarnik for Interference.
1:24 of 2nd period - Graeme Clarke wins face-off versus Ty Glover in Sound Tigers zone.
1:41 of 2nd period - Shot by Cameron Hebig.
1:41 of 2nd period - Shot Misses the Net.
1:43 of 2nd period - Shot by Graeme Clarke.
1:43 of 2nd period - Deflect By Mathieu Olivier.
1:43 of 2nd period - Shot Misses the Net.
1:45 of 2nd period - Shot by Logan Day.
1:45 of 2nd period - Shot Hit the Post.
1:47 of 2nd period - Shot by Cameron Hebig.
1:47 of 2nd period - Shot Misses the Net.
1:59 of 2nd period - Shot by Roland McKeown.
1:59 of 2nd period - Stopped by Kevin Mandolese with a rebound.
2:01 of 2nd period - Shot by Logan Day.
2:01 of 2nd period - Shot Misses the Net.
2:28 of 2nd period - Greg McKegg is hit by Jimmy Schuldt and loses puck.
3:00 of 2nd period - Off-side.
3:01 of 2nd period - Seth Griffith wins face-off versus Timur Ibragimov in neutral zone.
3:19 of 2nd period - Shot by Greg McKegg.
3:19 of 2nd period - Shot Misses the Net.
3:21 of 2nd period - Shot by Greg McKegg.
3:21 of 2nd period - Shot Blocked by Jimmy Schuldt.
3:28 of 2nd period - Shot by Tyler Spezia.
3:28 of 2nd period - Shot Misses the Net.
3:29 of 2nd period - Minor Penalty to Noel Hoefenmayer for Interference.
3:30 of 2nd period - Graeme Clarke wins face-off versus Ty Glover in Sound Tigers zone.
3:35 of 2nd period - Shot by Mathieu Olivier.
3:35 of 2nd period - Stopped by Kevin Mandolese without a rebound.
3:36 of 2nd period - Graeme Clarke wins face-off versus Ty Glover in Sound Tigers zone.
4:01 of 2nd period - Shot by Dakota Mermis.
4:01 of 2nd period - Deflect By Mathieu Olivier.
4:01 of 2nd period - Stopped by Kevin Mandolese with a rebound.
4:05 of 2nd period - Shot by Cameron Hebig.
4:05 of 2nd period - Shot Misses the Net.
4:18 of 2nd period - Icing by Seth Griffith.
4:19 of 2nd period - Austin Czarnik wins face-off versus Greg McKegg in Senators zone.
4:20 of 2nd period - Shot by Logan Morrison.
4:20 of 2nd period - Deflect By Austin Czarnik.
4:20 of 2nd period - Stopped by Alexei Kolosov without a rebound.
4:21 of 2nd period - Logan Morrison wins face-off versus Seth Griffith in Senators zone.
4:48 of 2nd period - Shot by Greg McKegg.
4:48 of 2nd period - Stopped by Kevin Mandolese with a rebound.
4:50 of 2nd period - Shot by Greg McKegg.
4:50 of 2nd period - Goal by Greg McKegg - Senators : 1 - Sound Tigers : 2.
4:51 of 2nd period - Kyle Betts wins face-off versus Cal O'Reilly in neutral zone.
4:57 of 2nd period - Dominic Franco is hit by William Villeneuve and loses puck.
5:08 of 2nd period - Minor Penalty to William Villeneuve for Holding.
5:09 of 2nd period - Logan Morrison wins face-off versus Milan Lucic in Senators zone.
5:10 of 2nd period - Shot by Devante Stephens.
5:10 of 2nd period - Stopped by Alexei Kolosov without a rebound.
5:11 of 2nd period - Milan Lucic wins face-off versus Philippe Maillet in Senators zone.
6:08 of 2nd period - Shot by Dakota Mermis.
6:08 of 2nd period - Stopped by Kevin Mandolese without a rebound.
6:09 of 2nd period - Logan Morrison wins face-off versus Mathieu Olivier in Sound Tigers zone.
6:19 of 2nd period - Icing by Helge Grans.
6:20 of 2nd period - Logan Morrison wins face-off versus Mathieu Olivier in Sound Tigers zone.
6:20 of 2nd period - Logan Morrison is hit by Mathieu Olivier.
6:36 of 2nd period - Shot by Logan Morrison.
6:36 of 2nd period - Shot Misses the Net.
6:38 of 2nd period - Shot by Devante Stephens.
6:38 of 2nd period - Shot Blocked by Logan Day.
6:40 of 2nd period - Shot by Logan Morrison.
6:40 of 2nd period - Shot Misses the Net.
7:36 of 2nd period - Shot by Givani Smith.
7:36 of 2nd period - Stopped by Kevin Mandolese without a rebound.
7:37 of 2nd period - Kyle Betts wins face-off versus Graeme Clarke in Sound Tigers zone.
7:37 of 2nd period - Kyle Betts is hit by Mathieu Olivier.
8:22 of 2nd period - Jimmy Schuldt is hit by Lassi Thomson and loses puck.
9:05 of 2nd period - Icing by Seth Griffith.
9:06 of 2nd period - Logan Morrison wins face-off versus Seth Griffith in Senators zone.
9:09 of 2nd period - Shot by Mason Shaw.
9:09 of 2nd period - Shot Blocked by Greg McKegg.
9:16 of 2nd period - Off-side.
9:17 of 2nd period - Philippe Maillet wins face-off versus Cal O'Reilly in neutral zone.
9:28 of 2nd period - Shot by Austin Czarnik.
9:28 of 2nd period - Shot Misses the Net.
9:46 of 2nd period - Shot by Austin Czarnik.
9:46 of 2nd period - Shot Misses the Net.
9:50 of 2nd period - Shot by Philippe Maillet.
9:50 of 2nd period - Shot Misses the Net.
10:22 of 2nd period - Shot by Graeme Clarke.
10:22 of 2nd period - Shot Misses the Net.
10:26 of 2nd period - Shot by Dakota Mermis.
10:26 of 2nd period - Stopped by Kevin Mandolese with a rebound.
10:28 of 2nd period - Shot by Mathieu Olivier.
10:28 of 2nd period - Stopped by Kevin Mandolese without a rebound.
10:29 of 2nd period - Ty Glover wins face-off versus Peter Abbandonato in Sound Tigers zone.
10:29 of 2nd period - Ty Glover is hit by Milan Lucic.
10:57 of 2nd period - Shot by Peter Abbandonato.
10:57 of 2nd period - Stopped by Kevin Mandolese without a rebound.
10:58 of 2nd period - Logan Morrison wins face-off versus Graeme Clarke in Sound Tigers zone.
11:13 of 2nd period - Shot by Graeme Clarke.
11:13 of 2nd period - Shot Blocked by Helge Grans.
11:15 of 2nd period - Shot by Dakota Mermis.
11:15 of 2nd period - Stopped by Kevin Mandolese with a rebound.
11:19 of 2nd period - Shot by Graeme Clarke.
11:19 of 2nd period - Shot Misses the Net.
11:33 of 2nd period - Shot by Cameron Hebig.
11:33 of 2nd period - Deflect By Graeme Clarke.
11:33 of 2nd period - Shot Misses the Net.
11:53 of 2nd period - Shot by Givani Smith.
11:53 of 2nd period - Stopped by Kevin Mandolese without a rebound.
11:54 of 2nd period - Peter Abbandonato wins face-off versus Kyle Betts in Sound Tigers zone.
11:54 of 2nd period - Peter Abbandonato is hit by Jimmy Schuldt.
12:02 of 2nd period - Shot by Gerry Mayhew.
12:02 of 2nd period - Stopped by Kevin Mandolese without a rebound.
12:03 of 2nd period - Seth Griffith wins face-off versus Kyle Betts in Sound Tigers zone.
12:46 of 2nd period - Icing by Jimmy Schuldt.
12:47 of 2nd period - Kyle Betts wins face-off versus Cal O'Reilly in Sound Tigers zone.
12:47 of 2nd period - Kyle Betts is hit by Givani Smith.
13:07 of 2nd period - Shot by Austin Czarnik.
13:07 of 2nd period - Stopped by Alexei Kolosov without a rebound.
13:08 of 2nd period - Graeme Clarke wins face-off versus Ty Glover in Senators zone.
13:08 of 2nd period - Graeme Clarke is hit by Liam O'Brien.
13:09 of 2nd period - Minor Penalty to Liam O'Brien for Hooking.
13:10 of 2nd period - Ty Glover wins face-off versus Graeme Clarke in Sound Tigers zone.
13:33 of 2nd period - Shot by Logan Day.
13:33 of 2nd period - Stopped by Kevin Mandolese without a rebound.
13:34 of 2nd period - Ty Glover wins face-off versus Seth Griffith in Sound Tigers zone.
13:34 of 2nd period - Minor Penalty to Greg McKegg for Holding.
13:35 of 2nd period - Austin Czarnik wins face-off versus Milan Lucic in Senators zone.
13:46 of 2nd period - Shot by Austin Czarnik.
13:46 of 2nd period - Shot Blocked by Dakota Mermis.
14:00 of 2nd period - Shot by Seth Griffith.
14:00 of 2nd period - Shot Misses the Net.
14:53 of 2nd period - Shot by Graeme Clarke.
14:53 of 2nd period - Shot Blocked by Logan Morrison.
14:55 of 2nd period - Shot by Mathieu Olivier.
14:55 of 2nd period - Stopped by Kevin Mandolese with a rebound.
14:57 of 2nd period - Shot by Mathieu Olivier.
14:57 of 2nd period - Deflect By Graeme Clarke.
14:57 of 2nd period - Shot Misses the Net.
14:59 of 2nd period - Shot by Graeme Clarke.
14:59 of 2nd period - Shot Misses the Net.
15:01 of 2nd period - Shot by Logan Day.
15:01 of 2nd period - Shot Misses the Net.
15:03 of 2nd period - Shot by Logan Day.
15:03 of 2nd period - Stopped by Kevin Mandolese with a rebound.
15:15 of 2nd period - Shot by Tim Gettinger.
15:15 of 2nd period - Shot Misses the Net.
16:01 of 2nd period - Noel Hoefenmayer is hit by Givani Smith and loses puck.
16:19 of 2nd period - Icing by Roland McKeown.
16:20 of 2nd period - Peter Abbandonato wins face-off versus Philippe Maillet in Senators zone.
16:25 of 2nd period - Shot by Gerry Mayhew.
16:25 of 2nd period - Shot Blocked by Helge Grans.
16:27 of 2nd period - Shot by Gerry Mayhew.
16:27 of 2nd period - Stopped by Kevin Mandolese without a rebound.
16:28 of 2nd period - Logan Morrison wins face-off versus Graeme Clarke in Sound Tigers zone.
16:28 of 2nd period - Logan Morrison is hit by Mathieu Olivier.
16:49 of 2nd period - Minor Penalty to Mathieu Olivier for Slashing.
16:50 of 2nd period - Philippe Maillet wins face-off versus Milan Lucic in Senators zone.
17:56 of 2nd period - Shot by Jimmy Schuldt.
17:56 of 2nd period - Stopped by Alexei Kolosov without a rebound.
17:57 of 2nd period - Cal O'Reilly wins face-off versus Logan Morrison in Senators zone.
18:03 of 2nd period - Icing by Tim Gettinger.
18:04 of 2nd period - Cal O'Reilly wins face-off versus Logan Morrison in Sound Tigers zone.
18:09 of 2nd period - Shot by Dakota Mermis.
18:09 of 2nd period - Deflect By Graeme Clarke.
18:09 of 2nd period - Shot Misses the Net.
18:11 of 2nd period - Shot by Graeme Clarke.
18:11 of 2nd period - Stopped by Kevin Mandolese with a rebound.
18:13 of 2nd period - Shot by Cal O'Reilly.
18:13 of 2nd period - Stopped by Kevin Mandolese without a rebound.
18:14 of 2nd period - Milan Lucic wins face-off versus Logan Morrison in Sound Tigers zone.
18:38 of 2nd period - Shot by Tim Gettinger.
18:38 of 2nd period - Shot Misses the Net.
18:40 of 2nd period - Shot by Devante Stephens.
18:40 of 2nd period - Goal by Devante Stephens - Senators : 1 - Sound Tigers : 3.
18:41 of 2nd period - Philippe Maillet wins face-off versus Cal O'Reilly in neutral zone.
18:45 of 2nd period - Icing by William Villeneuve.
18:46 of 2nd period - Philippe Maillet wins face-off versus Cal O'Reilly in Senators zone.
18:57 of 2nd period - Shot by Philippe Maillet.
18:57 of 2nd period - Stopped by Alexei Kolosov without a rebound.
18:58 of 2nd period - Graeme Clarke wins face-off versus Kyle Betts in Senators zone.
19:30 of 2nd period - Shot by Timur Ibragimov.
19:30 of 2nd period - Shot Misses the Net.
19:32 of 2nd period - Shot by Nate Clurman.
19:32 of 2nd period - Shot Misses the Net.
Goals for this period are 1 for Senators vs 1 for Sound Tigers.
Shots for this period are 19 for Senators vs 6 for Sound Tigers.

3rd period


0:01 of 3rd period - Peter Abbandonato wins face-off versus Philippe Maillet in neutral zone.
0:01 of 3rd period - Dakota Mermis is hit by Liam O'Brien and loses puck.
0:23 of 3rd period - Gerry Mayhew is hit by Tobias Bjornfot and loses puck.
0:26 of 3rd period - Shot by Peter Abbandonato.
0:26 of 3rd period - Stopped by Kevin Mandolese without a rebound.
0:27 of 3rd period - Logan Morrison wins face-off versus Givani Smith in Sound Tigers zone.
0:27 of 3rd period - Logan Morrison is hit by Givani Smith.
0:32 of 3rd period - Minor Penalty to Logan Day for High sticking.
0:33 of 3rd period - Milan Lucic wins face-off versus Callahan Burke in Senators zone.
0:33 of 3rd period - Milan Lucic is hit by Logan Morrison.
0:59 of 3rd period - Shot by Logan Morrison.
0:59 of 3rd period - Shot Misses the Net.
1:01 of 3rd period - Shot by Devante Stephens.
1:01 of 3rd period - Shot Blocked by Dakota Mermis.
1:03 of 3rd period - Shot by Logan Morrison.
1:03 of 3rd period - Goal by Logan Morrison - Senators : 1 - Sound Tigers : 4.
1:04 of 3rd period - Cal O'Reilly wins face-off versus Ty Glover in neutral zone.
1:21 of 3rd period - Tobias Bjornfot is hit by Givani Smith and loses puck.
1:26 of 3rd period - Shot by Givani Smith.
1:26 of 3rd period - Shot Misses the Net.
1:28 of 3rd period - Shot by Logan Day.
1:28 of 3rd period - Stopped by Kevin Mandolese without a rebound.
1:29 of 3rd period - Kyle Betts wins face-off versus Graeme Clarke in Sound Tigers zone.
1:31 of 3rd period - Icing by Timur Ibragimov.
1:32 of 3rd period - Graeme Clarke wins face-off versus Kyle Betts in Sound Tigers zone.
1:39 of 3rd period - Shot by Cameron Hebig.
1:39 of 3rd period - Shot Misses the Net.
2:02 of 3rd period - Noel Hoefenmayer is hit by Lassi Thomson and loses puck.
2:29 of 3rd period - Shot by Seth Griffith.
2:29 of 3rd period - Shot Misses the Net.
2:32 of 3rd period - Icing by Tobias Bjornfot.
2:33 of 3rd period - Philippe Maillet wins face-off versus Cal O'Reilly in Sound Tigers zone.
2:40 of 3rd period - Shot by Austin Czarnik.
2:40 of 3rd period - Shot Misses the Net.
2:42 of 3rd period - Shot by Philippe Maillet.
2:42 of 3rd period - Stopped by Alexei Kolosov without a rebound.
2:43 of 3rd period - Logan Morrison wins face-off versus Peter Abbandonato in Senators zone.
2:48 of 3rd period - Shot by Logan Morrison.
2:48 of 3rd period - Stopped by Alexei Kolosov without a rebound.
2:49 of 3rd period - Milan Lucic wins face-off versus Ty Glover in Senators zone.
2:51 of 3rd period - Icing by Greg McKegg.
2:52 of 3rd period - Philippe Maillet wins face-off versus Greg McKegg in Senators zone.
3:22 of 3rd period - Shot by Greg McKegg.
3:22 of 3rd period - Stopped by Kevin Mandolese without a rebound.
3:23 of 3rd period - Logan Morrison wins face-off versus Cal O'Reilly in Sound Tigers zone.
3:39 of 3rd period - Mason Shaw is hit by Lassi Thomson and loses puck.
4:45 of 3rd period - Shot by Dominic Franco.
4:45 of 3rd period - Stopped by Alexei Kolosov without a rebound.
4:46 of 3rd period - Ty Glover wins face-off versus Peter Abbandonato in Senators zone.
4:46 of 3rd period - Liam O'Brien is hit by Roland McKeown and loses puck.
4:57 of 3rd period - Minor Penalty to Nate Clurman for Interference.
4:58 of 3rd period - Seth Griffith wins face-off versus Ty Glover in Sound Tigers zone.
5:03 of 3rd period - Shot by Lassi Thomson.
5:03 of 3rd period - Stopped by Kevin Mandolese with a rebound.
5:05 of 3rd period - Shot by Seth Griffith.
5:05 of 3rd period - Shot Blocked by Tobias Bjornfot.
5:19 of 3rd period - Shot by Dakota Mermis.
5:19 of 3rd period - Stopped by Kevin Mandolese without a rebound.
5:20 of 3rd period - Ty Glover wins face-off versus Graeme Clarke in Sound Tigers zone.
6:08 of 3rd period - Shot by Dakota Mermis.
6:08 of 3rd period - Shot Misses the Net.
6:10 of 3rd period - Shot by Dakota Mermis.
6:10 of 3rd period - Shot Blocked by Ty Glover.
6:12 of 3rd period - Shot by Greg McKegg.
6:12 of 3rd period - Stopped by Kevin Mandolese without a rebound.
6:13 of 3rd period - Seth Griffith wins face-off versus Austin Czarnik in Sound Tigers zone.
6:30 of 3rd period - Tobias Bjornfot is hit by Milan Lucic and loses puck.
6:40 of 3rd period - Icing by Dakota Mermis.
6:41 of 3rd period - Timur Ibragimov wins face-off versus Seth Griffith in Senators zone.
6:42 of 3rd period - Shot by Tim Gettinger.
6:42 of 3rd period - Deflect By Timur Ibragimov.
6:42 of 3rd period - Shot Hit the Post.
6:47 of 3rd period - Greg McKegg is hit by Jimmy Schuldt and loses puck.
7:27 of 3rd period - Icing by Noel Hoefenmayer.
7:28 of 3rd period - Graeme Clarke wins face-off versus Kyle Betts in Sound Tigers zone.
7:42 of 3rd period - Mathieu Olivier is hit by Dominic Franco and loses puck.
8:44 of 3rd period - Icing by Dakota Mermis.
8:45 of 3rd period - Milan Lucic wins face-off versus Ty Glover in Senators zone.
8:56 of 3rd period - Shot by Ryan Francis.
8:56 of 3rd period - Shot Misses the Net.
8:58 of 3rd period - Shot by Ty Glover.
8:58 of 3rd period - Stopped by Alexei Kolosov without a rebound.
8:59 of 3rd period - Philippe Maillet wins face-off versus Cal O'Reilly in Senators zone.
9:30 of 3rd period - Shot by William Villeneuve.
9:30 of 3rd period - Shot Misses the Net.
9:34 of 3rd period - Shot by Cal O'Reilly.
9:34 of 3rd period - Goal by Cal O'Reilly - Senators : 2 - Sound Tigers : 4.
9:35 of 3rd period - Graeme Clarke wins face-off versus Logan Morrison in neutral zone.
9:48 of 3rd period - Mason Shaw is hit by Mathieu Olivier and loses puck.
10:00 of 3rd period - Mason Shaw is hit by Logan Day and loses puck.
10:05 of 3rd period - Shot by Logan Morrison.
10:05 of 3rd period - Stopped by Alexei Kolosov without a rebound.
10:06 of 3rd period - Kyle Betts wins face-off versus Seth Griffith in Senators zone.
10:22 of 3rd period - Shot by Timur Ibragimov.
10:22 of 3rd period - Shot Misses the Net.
10:24 of 3rd period - Shot by Dominic Franco.
10:24 of 3rd period - Stopped by Alexei Kolosov with a rebound.
10:42 of 3rd period - Shot by Dominic Franco.
10:42 of 3rd period - Stopped by Alexei Kolosov with a rebound.
11:00 of 3rd period - Shot by Cal O'Reilly.
11:00 of 3rd period - Stopped by Kevin Mandolese with a rebound.
11:20 of 3rd period - Shot by Tyler Spezia.
11:20 of 3rd period - Shot Misses the Net.
12:10 of 3rd period - Shot by Tim Gettinger.
12:10 of 3rd period - Goal by Tim Gettinger - Senators : 2 - Sound Tigers : 5.
12:11 of 3rd period - Kyle Betts wins face-off versus Peter Abbandonato in neutral zone.
12:15 of 3rd period - Helge Grans is hit by Lassi Thomson and loses puck.
12:49 of 3rd period - Minor Penalty to Cal O'Reilly for Slashing.
12:50 of 3rd period - Greg McKegg wins face-off versus Philippe Maillet in Senators zone.
13:16 of 3rd period - Icing by Tobias Bjornfot.
13:17 of 3rd period - Milan Lucic wins face-off versus Philippe Maillet in Sound Tigers zone.
13:22 of 3rd period - Shot by Roland McKeown.
13:22 of 3rd period - Shot Blocked by Philippe Maillet.
13:44 of 3rd period - Shot by Logan Morrison.
13:44 of 3rd period - Stopped by Alexei Kolosov without a rebound.
13:45 of 3rd period - Mathieu Olivier wins face-off versus Logan Morrison in Senators zone.
13:45 of 3rd period - Mathieu Olivier is hit by Tim Gettinger.
14:44 of 3rd period - Icing by Philippe Maillet.
14:45 of 3rd period - Milan Lucic wins face-off versus Mason Shaw in Sound Tigers zone.
14:56 of 3rd period - Shot by Tyler Spezia.
14:56 of 3rd period - Shot Blocked by Nate Clurman.
15:03 of 3rd period - Givani Smith is hit by Nate Clurman and loses puck.
15:08 of 3rd period - Shot by Givani Smith.
15:08 of 3rd period - Shot Misses the Net.
15:10 of 3rd period - Shot by Tyler Spezia.
15:10 of 3rd period - Shot Misses the Net.
15:12 of 3rd period - Shot by Givani Smith.
15:12 of 3rd period - Stopped by Kevin Mandolese without a rebound.
15:13 of 3rd period - Kyle Betts wins face-off versus Gerry Mayhew in Sound Tigers zone.
15:22 of 3rd period - Shot by Timur Ibragimov.
15:22 of 3rd period - Shot Misses the Net.
15:33 of 3rd period - Minor Penalty to Dominic Franco for Slashing.
15:34 of 3rd period - Graeme Clarke wins face-off versus Ty Glover in Sound Tigers zone.
15:41 of 3rd period - Shot by Cameron Hebig.
15:41 of 3rd period - Shot Misses the Net.
16:37 of 3rd period - Shot by Philippe Maillet.
16:37 of 3rd period - Stopped by Alexei Kolosov without a rebound.
16:38 of 3rd period - Seth Griffith wins face-off versus Austin Czarnik in Senators zone.
16:45 of 3rd period - Shot by Seth Griffith.
16:45 of 3rd period - Shot Misses the Net.
16:47 of 3rd period - Shot by Dakota Mermis.
16:47 of 3rd period - Stopped by Kevin Mandolese without a rebound.
16:48 of 3rd period - Seth Griffith wins face-off versus Austin Czarnik in Sound Tigers zone.
16:51 of 3rd period - Shot by Greg McKegg.
16:51 of 3rd period - Stopped by Kevin Mandolese with a rebound.
17:00 of 3rd period - Shot by Seth Griffith.
17:00 of 3rd period - Stopped by Kevin Mandolese with a rebound.
17:02 of 3rd period - Shot by Seth Griffith.
17:02 of 3rd period - Shot Misses the Net.
17:04 of 3rd period - Shot by Seth Griffith.
17:04 of 3rd period - Deflect By Greg McKegg.
17:04 of 3rd period - Goal by Greg McKegg - Senators : 3 - Sound Tigers : 5.
17:05 of 3rd period - Cal O'Reilly wins face-off versus Kyle Betts in neutral zone.
17:05 of 3rd period - Givani Smith is hit by Dominic Franco and loses puck.
17:07 of 3rd period - Minor Penalty to Dominic Franco for Holding Stick.
17:08 of 3rd period - Ty Glover wins face-off versus Seth Griffith in Sound Tigers zone.
17:16 of 3rd period - Icing by Greg McKegg.
17:17 of 3rd period - Seth Griffith wins face-off versus Ty Glover in Senators zone.
19:28 of 3rd period - Shot by Dominic Franco.
19:28 of 3rd period - Shot Misses the Net.
19:30 of 3rd period - Shot by Nate Clurman.
19:30 of 3rd period - Stopped by Alexei Kolosov without a rebound.
19:31 of 3rd period - Peter Abbandonato wins face-off versus Tim Gettinger in Senators zone.
19:44 of 3rd period - Shot by Gerry Mayhew.
19:44 of 3rd period - Shot Misses the Net.
19:51 of 3rd period - Mason Shaw is hit by Riley Stillman and loses puck.
19:58 of 3rd period - Shot by Tim Gettinger.
19:58 of 3rd period - Shot Blocked by Riley Stillman.
Goals for this period are 2 for Senators vs 2 for Sound Tigers.
Shots for this period are 13 for Senators vs 12 for Sound Tigers.